 Dungeon Crawl Stone Soup version 0.28-a0-1312-g71652a0310 (webtiles) character file.

Game seed: 6853855089851913337

1064 sanka the Slasher (level 8, 0/67 HPs)
             Began as a Gnoll Cinder Acolyte on Dec 27, 2021.
             Was a High Priest of Ignis.
             Slain by an orc warrior (19 damage)
             ... on level 6 of the Dungeon.
             The game lasted 00:09:01 (7500 turns).

sanka the Slasher (Gnoll Cinder Acolyte)            Turns: 7500, Time: 00:09:02

Health: 0/67       AC:  3    Str: 14    XL:     8   Next: 27%
Magic:  2/14       EV: 13    Int: 16    God:    Ignis [*****.]
Gold:   232        SH:  0    Dex: 19    Spells: 13/15 levels left

rFire   + . .      SeeInvis .   p - +0 long sword
rCold   . . .      Faith    .   (no shield)
rNeg    . . .      Spirit   .   b - +0 robe
rPois   .          Reflect  .   (no helmet)
rElec   .          Harm     .   f - scarf {repulsion}
rCorr   .          Rampage  .   m - +0 pair of gloves
Will    .....                   (no boots)
Stlth   +++.......              (no amulet)
HPRegen 0.21/turn               w - +6 ring of dexterity
MPRegen 0.14/turn               u - +6 ring of dexterity

@: repel missiles
A: fangs 1, strong nose, distributed training
a: Renounce Religion, Fiery Armour, Foxfire Swarm, Rising Flame


You were on level 6 of the Dungeon.
You worshipped Ignis.
Ignis was extremely pleased with you.
You visited 1 branch of the dungeon, and saw 6 of its levels.
You also visited: Sewer.

You collected 232 gold pieces.


Innate Abilities, Weirdness & Mutations

You have very sharp teeth.
Your uncanny sense of smell can sniff out nearby items.
Your experience applies equally to all skills.


   Skills:
 + Level 7.3 Fighting
 + Level 3.1 Short Blades
 + Level 7.3 Long Blades
 + Level 3.1 Axes
 + Level 3.1 Maces & Flails
 + Level 3.1 Polearms
 + Level 3.1 Staves
 + Level 3.1 Slings
 + Level 3.1 Bows
 + Level 3.1 Crossbows
 + Level 3.1 Throwing
 + Level 3.1 Armour
 + Level 3.1 Dodging
 + Level 3.1 Stealth
 + Level 3.1 Shields
 + Level 3.1 Unarmed Combat
 + Level 4.2 Spellcasting
 + Level 2.5 Conjurations
 + Level 2.5 Hexes
 + Level 2.5 Summonings
 + Level 2.5 Necromancy
 + Level 2.5 Translocations
 + Level 2.5 Transmutations
 + Level 6.0 Fire Magic
 + Level 2.5 Ice Magic
 + Level 2.5 Air Magic
 + Level 2.5 Earth Magic
 + Level 2.5 Poison Magic
 + Level 3.4 Invocations
 + Level 3.1 Evocations


You had 13 spell levels left.
You knew the following spells:

 Your Spells              Type           Power      Damage    Failure   Level
y - Scorch                Fire           44%        2d7       1%          2

Your spell library contained the following spells:

 Spells                   Type           Power      Damage    Failure   Level
 Summon Ice Beast         Ice/Summ       11%        N/A       50%         4
 Summon Mana Viper        Hex/Summ       11%        N/A       85%         5
 Monstrous Menagerie      Summ           5%         N/A       100%        7

Inventory:

Hand Weapons
 a - a -1 falchion of flaming
 p - a +0 long sword (weapon)
Missiles
 q - 38 poisoned darts
 z - 2 curare-tipped darts {=f}
Armour
 b - a +0 robe (worn)
 f - a scarf of repulsion (worn)
 m - a +0 pair of gloves (worn)
Jewellery
 u - a +6 ring of dexterity (right hand)
 w - a +6 ring of dexterity (left hand)
Wands
 k - a wand of flame (14)
 l - a wand of polymorph (4)
 y - a wand of iceblast (7)
Scrolls
 d - a scroll of immolation {unknown}
 e - 2 scrolls of fog
 g - a scroll of identify {@r1}
 j - a scroll of enchant weapon
 o - a scroll of teleportation {@r4}
 t - a scroll of enchant armour
Potions
 c - a potion of berserk rage {unknown}
 h - 4 potions of curing {@q1}
 i - 2 potions of degeneration {unknown}
 n - a potion of resistance {unknown}
 r - a potion of heal wounds {@q2}
 s - 5 potions of flight
 v - a potion of lignification {unknown}
 x - a potion of attraction {unknown}

Dungeon Overview and Level Annotations

Branches:
Dungeon (6/15)              Sewer (visited)
 Temple: D:4-7

Altars:
Kikubaaqudgha

Shops:
D:3 ? D:4

( ∆ . .. ..( .. ▒▒▒▒▒▒▒
.... .. ▒.....▒ ..... ▒▒.
▒▒▒▒▒▒▒▒▒▒)....▒...... ..
.........go....')..>..
▒.▒▒▒▒▒▒▒▒.▒▒.....▒▒▒▒+▒▒
..▒ ▒.▒▒.[...▒ ▒.▒
▒▒▒▒.▒▒.[...▒ ▒.▒
▒.....▒.....▒ ▒.▒▒
▒.▒▒..▒▒▒▒▒▒▒ ▒..▒
▒.▒▒..▒ ▒▒.▒▒▒.▒▒..▒
▒.....▒▒..▒


You could see an orc warrior.


Message History

The orc warrior is no longer more vulnerable to fire.
You see here an adder corpse.
There is an open door here.
Flames lash the orc.
The orc is heavily wounded.
The orc's fire resistance burns away.
The orc warrior misses you.
Flames lash the orc warrior.
The orc warrior is moderately wounded.
The orc warrior's fire resistance burns away.
The orc warrior hits you with a +0 battleaxe!
Flames lash the orc.
The orc is burned terribly!
You kill the orc!
The orc warrior closely misses you.
You don't have enough magic to cast this spell.
You slash the orc warrior!
The orc warrior is severely wounded.
The orc warrior hits you with a +0 battleaxe!
* * * LOW HITPOINT WARNING * * *
You hit the orc warrior but do no damage.
You bite the orc warrior, but do no damage.
The orc warrior is severely wounded.
The orc warrior is no longer more vulnerable to fire.
The orc warrior hits you with a +0 battleaxe.
* * * LOW HITPOINT WARNING * * *
You closely miss the orc warrior.
The orc warrior is severely wounded.
The orc warrior hits you with a +0 battleaxe!!
You die...

Action                   |  1- 3 |  4- 6 |  7- 9 || total
-------------------------+-------+-------+-------++-------
Melee: Falchion          |   145 |    63 |       ||   208
       Bite              |     6 |     6 |     6 ||    18
       Long sword        |       |    65 |    39 ||   104
       Punch             |       |       |     1 ||     1
 Cast: Scorch            |     8 |    59 |    53 ||   120
  Use: Potion            |     1 |       |       ||     1
       Scroll            |       |       |     4 ||     4
Armor: Robe              |    28 |    15 |     4 ||    47
Dodge: Dodged            |    96 |    77 |    40 ||   213
       Repelled          |       |     2 |       ||     2

Levels and vault maps discovered:
D:1:      lemuel_arrival_hallway, layout_basic
D:2:      minmay_angry_zag, layout_rooms, hellmonk_ecumenical_altar_heavens_door
D:3:      layout_basic, mainiacjoe_overflow_alcove_4, serial_shops, shop,
          minmay_misc_feat_roman
D:4:      layout_loops_corners, gup_sewer_entry_spiral, grunt_decor_one_mirror,
          nicolae_stop_n_shop_2, chequers_serial_rivers_micro_e
D:5:      layout_basic, nicolae_tso_swordbearing_angel, minmay_small_thing
D:6:      layout_basic, minmay_misc_feat_room

Notes
Turn   | Place    | Note
-------+----------+-------------------------------------------
     0 | D:1      | sanka the Gnoll Cinder Acolyte began the quest for the Orb.
     0 | D:1      | Reached XP level 1. HP: 23/23 MP: 4/4
   113 | D:1      | HP: 1/23 [hobgoblin (3)]
   123 | D:1      | HP: 2/23 [hobgoblin (4)]
   150 | D:1      | Reached XP level 2. HP: 20/29 MP: 5/5
   939 | D:1      | Reached XP level 3. HP: 33/35 MP: 7/7
  1003 | D:1      | Learned a level 2 spell: Scorch
  1689 | D:2      | Reached skill level 1 in Invocations
  1793 | D:2      | Reached skill level 1 in Short Blades
  1793 | D:2      | Reached skill level 1 in Axes
  1793 | D:2      | Reached skill level 1 in Maces & Flails
  1793 | D:2      | Reached skill level 1 in Polearms
  1793 | D:2      | Reached skill level 1 in Staves
  1793 | D:2      | Reached skill level 1 in Slings
  1793 | D:2      | Reached skill level 1 in Bows
  1793 | D:2      | Reached skill level 1 in Crossbows
  1793 | D:2      | Reached skill level 1 in Throwing
  1793 | D:2      | Reached skill level 1 in Armour
  1793 | D:2      | Reached skill level 1 in Dodging
  1793 | D:2      | Reached skill level 1 in Stealth
  1793 | D:2      | Reached skill level 1 in Shields
  1793 | D:2      | Reached skill level 1 in Unarmed Combat
  1793 | D:2      | Reached skill level 1 in Evocations
  2000 | D:2      | Reached XP level 4. HP: 40/41 MP: 3/8
  2231 | D:2      | Reached skill level 3 in Spellcasting
  2566 | D:2      | Reached skill level 1 in Conjurations
  2566 | D:2      | Reached skill level 1 in Hexes
  2566 | D:2      | Reached skill level 1 in Summonings
  2566 | D:2      | Reached skill level 1 in Necromancy
  2566 | D:2      | Reached skill level 1 in Translocations
  2566 | D:2      | Reached skill level 1 in Transmutations
  2566 | D:2      | Reached skill level 1 in Ice Magic
  2566 | D:2      | Reached skill level 1 in Air Magic
  2566 | D:2      | Reached skill level 1 in Earth Magic
  2566 | D:2      | Reached skill level 1 in Poison Magic
  2803 | D:2      | Found a faded altar of an unknown god.
  3011 | D:3      | Found Erycoyfua's Magic Scroll Boutique.
  3461 | D:3      | Reached XP level 5. HP: 47/47 MP: 6/9
  3843 | D:3      | Found an ancient bone altar of Kikubaaqudgha.
  3973 | D:4      | Found Mialup's Weapon Boutique.
  4238 | D:4      | Found a glowing drain.
  4306 | Sewer    | Entered a sewer
  4324 | Sewer    | Reached skill level 2 in Invocations
  4324 | Sewer    | Reached XP level 6. HP: 42/53 MP: 3/10
  4472 | Sewer    | Reached skill level 2 in Short Blades
  4472 | Sewer    | Reached skill level 2 in Axes
  4472 | Sewer    | Reached skill level 2 in Maces & Flails
  4472 | Sewer    | Reached skill level 2 in Polearms
  4472 | Sewer    | Reached skill level 2 in Staves
  4472 | Sewer    | Reached skill level 2 in Slings
  4472 | Sewer    | Reached skill level 2 in Bows
  4472 | Sewer    | Reached skill level 2 in Crossbows
  4472 | Sewer    | Reached skill level 2 in Throwing
  4472 | Sewer    | Reached skill level 2 in Armour
  4472 | Sewer    | Reached skill level 2 in Dodging
  4472 | Sewer    | Reached skill level 2 in Stealth
  4472 | Sewer    | Reached skill level 2 in Shields
  4472 | Sewer    | Reached skill level 2 in Unarmed Combat
  4472 | Sewer    | Reached skill level 2 in Evocations
  4593 | Sewer    | Found a glowing silver altar of Zin.
  5724 | D:5      | Entered Level 5 of the Dungeon
  5800 | D:5      | Reached XP level 7. HP: 59/59 MP: 7/12
  5863 | D:5      | Reached skill level 7 in Fighting
  5863 | D:5      | Reached skill level 7 in Long Blades
  5989 | D:5      | Noticed a vampire
  6013 | D:5      | HP: 4/60 [vampire (8)]
  6304 | D:6      | Reached skill level 2 in Conjurations
  6304 | D:6      | Reached skill level 2 in Hexes
  6304 | D:6      | Reached skill level 2 in Summonings
  6304 | D:6      | Reached skill level 2 in Necromancy
  6304 | D:6      | Reached skill level 2 in Translocations
  6304 | D:6      | Reached skill level 2 in Transmutations
  6304 | D:6      | Reached skill level 2 in Ice Magic
  6304 | D:6      | Reached skill level 2 in Air Magic
  6304 | D:6      | Reached skill level 2 in Earth Magic
  6304 | D:6      | Reached skill level 2 in Poison Magic
  6591 | D:5      | Reached skill level 4 in Spellcasting
  6591 | D:5      | Reached skill level 3 in Invocations
  7008 | D:6      | Noticed a wyvern
  7014 | D:6      | Killed a wyvern
  7015 | D:6      | Reached skill level 3 in Short Blades
  7015 | D:6      | Reached skill level 3 in Axes
  7015 | D:6      | Reached skill level 3 in Maces & Flails
  7015 | D:6      | Reached skill level 3 in Polearms
  7015 | D:6      | Reached skill level 3 in Staves
  7015 | D:6      | Reached skill level 3 in Slings
  7015 | D:6      | Reached skill level 3 in Bows
  7015 | D:6      | Reached skill level 3 in Crossbows
  7015 | D:6      | Reached skill level 3 in Throwing
  7015 | D:6      | Reached skill level 3 in Armour
  7015 | D:6      | Reached skill level 3 in Dodging
  7015 | D:6      | Reached skill level 3 in Stealth
  7015 | D:6      | Reached skill level 3 in Shields
  7015 | D:6      | Reached skill level 3 in Unarmed Combat
  7015 | D:6      | Reached skill level 6 in Fire Magic
  7015 | D:6      | Reached skill level 3 in Evocations
  7015 | D:6      | Reached XP level 8. HP: 65/67 MP: 5/14
  7500 | D:6      | Slain by an orc warrior

Vanquished Creatures
  A wyvern (D:6)
  2 ogres (D:5)
  A kobold brigand (Sewer)
  A bullfrog (D:6)
  2 scorpions (D:5)
  A hound (D:4)
  An orc priest (D:6)
  A gnoll shaman (D:6)
  A bullfrog skeleton (D:4)
  An orc wizard (D:6)
  2 iguanas (D:4)
  A howler monkey skeleton (D:6)
  7 gnolls
  7 adders
  A river rat (Sewer)
  A white imp (D:4)
  6 worms
  4 dart slugs
  6 orcs
  6 bats
  9 endoplasms
  5 giant cockroaches
  5 goblins
  12 hobgoblins
  11 jackals
  12 kobolds
  6 quokkas
  7 ball pythons
  A frilled lizard (D:1)
  18 rats
139 creatures vanquished.
